 Dungeon Crawl Stone Soup version 0.27-b1-2-g8387495791 (webtiles) character file.

Game seed: 2105925558171548223

165 vvl the Skirmisher (level 5, -9/41 HPs)
             Began as a Demonspawn Fighter on July 26, 2021.
             Killed by nerve-wracking pain
             ... invoked by Grinder
              (11 damage)
             ... on level 4 of the Dungeon.
             The game lasted 00:07:15 (3822 turns).

vvl the Skirmisher (Demonspawn Fighter)             Turns: 3822, Time: 00:07:16

Health: -9/41      AC:  7    Str: 17    XL:     5   Next: 21%
Magic:  6/6        EV:  7    Int: 10    God:
Gold:   59         SH:  9    Dex: 12    Spells: 6/6 levels left

rFire    . . .     SeeInvis .   a - +0 long sword
rCold    . . .     Faith    .   c - +0 kite shield
rNeg     . . .     Spirit   .   b - +0 scale mail
rPois    .         Reflect  .   (no helmet)
rElec    .         Harm     .   (no cloak)
rCorr    .         Rampage  .   (no gloves)
Will     .....                  h - +0 pair of boots
Stlth    ..........             (no amulet)
HPRegen  0.13/turn              (no ring)
MPRegen  0.10/turn              (no ring)

@: no status effects
A: hooves 2, powered by death 2
a: no special abilities


You were on level 4 of the Dungeon.
You visited 1 branch of the dungeon, and saw 4 of its levels.

You collected 59 gold pieces.

Inventory:

Hand Weapons
 a - a +0 long sword (weapon)
Armour
 b - a +0 scale mail (worn)
 c - a +0 kite shield (worn)
 h - a +0 pair of boots (worn)
Magical Staves
 o - a staff of poison
Scrolls
 d - a scroll of noise {unknown}
 e - 3 scrolls of teleportation {unknown}
 g - 2 scrolls of amnesia {unknown}
 j - 2 scrolls of identify {unknown}
 k - a scroll of immolation {unknown}
 m - a scroll of fear {unknown}
 n - a scroll of acquirement {unknown}
Potions
 f - 2 potions of lignification {unknown}
 i - a potion of berserk rage {unknown}
 l - 2 potions of curing {unknown}


   Skills:
 + Level 3.4 Fighting
 + Level 2.5 Long Blades
 + Level 3.0 Armour
 + Level 3.0 Shields
 + Level 1.3 Unarmed Combat
 + Level 1.2 Spellcasting
 * Level 2.1 Transmutations


You had 6 spell levels left.
You didn't know any spells.
Your spell library contained the following spells:

 Spells                   Type           Power      Damage    Failure   Level
 Freeze                   Ice            0%         1d3       99%         1
 Conjure Flame            Conj/Fire      0%         6-21      100%        3
 Frozen Ramparts          Ice            0%         1d2       100%        3
 Ignite Poison            Fire/Tmut/Pois 2%         N/A       100%        3
 Hailstorm                Conj/Ice       0%         3d3       100%        4
 Sticky Flame             Conj/Fire      0%         2d3       100%        4


Dungeon Overview and Level Annotations

Branches:
Dungeon (4/15)
 Temple: D:4-7

Altars:
Ru

Shops:
D:1 =

Annotations:
D:4 Grinder


Innate Abilities, Weirdness & Mutations

You have hoof-like feet.
You regenerate health from kills.


Message History

Grinder is moderately wounded.
Grinder closely misses you.
You hit Grinder.
Grinder is heavily wounded.
Grinder gestures at you.
You suddenly lose the ability to move!
Grinder says, "Are you a fish?"
Grinder blinks!
You can move again.
You hit Grinder.
Grinder is heavily wounded.
Grinder hits you.
You barely miss Grinder.
Grinder is heavily wounded.
Grinder hits you!
You writhe in agony.
* * * LOW HITPOINT WARNING * * *
Grinder barely misses you.
There is a stone staircase leading up, spattered with blood here.
You hit Grinder.
Grinder is severely wounded.
Grinder gestures at you. You resist with significant effort.
You hit Grinder.
Grinder is almost dead.
You block Grinder's attack. Grinder gestures at you.
You resist with significant effort.
You hit Grinder but do no damage.
Grinder is almost dead.
You block Grinder's attack.
You hit Grinder but do no damage.
Grinder is almost dead.
Grinder hits you!
* * * LOW HITPOINT WARNING * * *
You block Grinder's attack.
You hit Grinder.
Grinder is almost dead.
Grinder gestures at you. Pain shoots through your body!
You die...

..........#.... ....(....
...............##........
.............. ..........
...........#..##.........
.........)# #............
..........###............
..##...............$....
............##...........
..###......(@5...........
..........###..........(
..#....#### #..##.......
.. #......####..#..(.....
# .......................
....####..#............
.... # #...$....... ..
.....#.......
.....##........


You could see Grinder.

Vanquished Creatures
  A kobold brigand (D:4)
  3 adders
  2 worms (D:2)
  A dart slug (D:1)
  3 bats
  4 endoplasms
  3 giant cockroaches
  8 hobgoblins
  3 jackals (D:2)
  3 quokkas
  9 ball pythons
  3 frilled lizards
  3 goblins
  7 kobolds
  9 rats
62 creatures vanquished.

Notes
Turn   | Place    | Note
-------+----------+-------------------------------------------
     0 | D:1      | vvl the Demonspawn Fighter began the quest for the Orb.
     0 | D:1      | Reached XP level 1. HP: 18/18 MP: 1/1
   228 | D:1      | Found Sioh's Jewellery Shoppe.
   321 | D:1      | Gained mutation: You have large cloven feet. [demonic
                  | ancestry]
   321 | D:1      | Reached XP level 2. HP: 18/24 MP: 2/2
   785 | D:1      | Found a faded altar of an unknown god.
   798 | D:1      | You fall into a shaft and drop 1 floor!
   808 | D:2      | Reached skill level 1 in Transmutations
   889 | D:2      | Gained mutation: You regenerate a little health from kills.
                  | [demonic ancestry]
   889 | D:2      | Reached XP level 3. HP: 14/29 MP: 3/3
  1455 | D:2      | Reached skill level 1 in Unarmed Combat
  1492 | D:2      | You fall into a shaft and drop 1 floor!
  2058 | D:2      | Gained mutation: You have hoof-like feet. [demonic
                  | ancestry]
  2058 | D:2      | Reached XP level 4. HP: 13/35 MP: 5/5
  2372 | D:2      | Found a sacrificial altar of Ru.
  3411 | D:4      | Noticed a kobold brigand
  3426 | D:4      | Killed a kobold brigand
  3427 | D:4      | Reached skill level 1 in Spellcasting
  3427 | D:4      | Gained mutation: You regenerate health from kills. [demonic
                  | ancestry]
  3427 | D:4      | Reached XP level 5. HP: 16/41 MP: 6/6
  3600 | D:4      | Noticed Grinder
  3809 | D:4      | Paralysed by Grinder for 3 turns
  3821 | D:4      | HP: 2/41 [Grinder (9)]
  3822 | D:4      | Killed from afar by Grinder

Illustrated notes

Levels and vault maps discovered:
D:1:      evilmike_arrival_rings, layout_basic,
          chequers_ecumenical_altar_simple_redux, serial_shops,
          nicolae_shop_window_shopping
D:2:      layout_rooms, basic_altar, kennysheep_generic_room_2
D:3:      layout_loops_corners
D:4:      layout_cave_pools, uniq_ijyb, uniq_grinder

Skill      XL: |  1  2  3  4 |
---------------+-------------+-----
Long Blades    | 2 |  2.5
Transmutations | 1 2 |  2.1
Unarmed Combat | 1 |  1.3
Armour         | 3 |  3.0
Shields        | 3 |  3.0
Spellcasting   | 1 |  1.2
Fighting       | |  3.4

Action                   |  1- 3 |  4- 6 || total
-------------------------+-------+-------++-------
Melee: Long sword        |   134 |    58 ||   192
       Kick              |     3 |       ||     3
  Use: Potion            |       |     1 ||     1
Armor: Scale mail        |    69 |    21 ||    90
Dodge: Dodged            |    50 |    20 ||    70
Block: Kite shield       |    79 |    27 ||   106
       Rpst.: Long sword |    17 |     9 ||    26
